 Dungeon Crawl Stone Soup version 0.19-a0-414-g76fec5b (webtiles) character file.

44 Ijustatesigmund the Skirmisher (level 3, 0/35 HPs)
             Began as a Hill Orc Fighter on May 31, 2016.
             Slain by an orc priest
             ... wielding a +0 short sword
              (2 damage)
             ... on level 3 of the Dungeon.
             The game lasted 00:03:35 (1099 turns).

Ijustatesigmund the Skirmisher (Hill Orc Fighter)   Turns: 1099, Time: 00:03:36

Health: 0/35       AC:  6    Str: 18    XL:     3   Next: 60%
Magic:  3/3        EV:  7    Int:  8    God:
Gold:   87         SH:  9    Dex: 11    Spells: 0 memorised, 2 levels left

rFire  . . .     SeeInvis .     h - +2 hand axe (venom)
rCold  . . .     Gourm    .     b - +0 scale mail
rNeg   . . .     Faith    .     c - +0 shield
rPois  .         Spirit   .     (no helmet)
rElec  .         Dismiss  .     (no cloak)
rCorr  .         Reflect  .     (no gloves)
SustAt .         Harm     .     (no boots)
MR     .....     Rnd*Tele +     (no amulet)
Stlth  ..........               (no ring)
                                i - ring of teleportation (curse)

@: not resistant to hostile enchantments, extremely unstealthy
A: mutation resistance 1
a: Convert to Beogh


You were on level 3 of the Dungeon.
You were hungry.

You visited 1 branch of the dungeon, and saw 3 of its levels.

You collected 87 gold pieces.

Inventory:

Hand Weapons
 a - a +0 war axe
 h - a +2 hand axe of venom (weapon)
Armour
 b - a +0 scale mail (worn)
 c - a +0 shield (worn)
Jewellery
 i - a cursed ring of teleportation (left hand)
Scrolls
 p - a scroll of random uselessness {unknown}
Potions
 d - 2 potions of might
 e - 2 potions of resistance {unknown}
 k - a potion of curing
 l - a potion of magic
 m - a potion of invisibility {unknown}
 n - a potion of lignification {unknown}
 o - a potion of flight {unknown}
Comestibles
 f - 2 bread rations
 g - a royal jelly
 j - 2 meat rations


   Skills:
 + Level 4.8 Fighting
 + Level 3.6 Axes
 - Level 3.2 Armour
 - Level 3.2 Shields


You had 2 spell levels left.
You didn't know any spells.

Dungeon Overview and Level Annotations

Branches:
Dungeon (3/15)

Altars:
Elyvilon
Qazlal
Sif Muna


Innate Abilities, Weirdness & Mutations

You are somewhat resistant to further mutation.


Message History

The orc priest shouts, "Surrender to Beogh and we'll let you live!"
You closely miss the orc.
The orc priest hits you but does no damage.
You block the orc's attack.
The orc priest mumbles some strange prayers to Beogh against you.
You barely resist.
You hit the orc priest but do no damage.
The orc priest looks even sicker.
The orc priest is lightly wounded.
You hit the orc.
The orc is poisoned.
The orc is moderately wounded.
You hit the orc priest.
The orc priest looks even sicker.
The orc priest is lightly wounded.
The orc hits you with a hand axe.
The orc priest mumbles some strange prayers to Beogh against you.
Beogh smites you!
* * * LOW HITPOINT WARNING * * *
The orc priest shouts, "Surrender to Beogh and we'll let you live!"
The orc priest hits you with a short sword.
You die...

#.##.#...
#.##.#####
#.##.#
#.##.#
#.##.# #.#
.# #.#####.#
........####
..##..o@o.?#
......o.##.#
.##....o# #
#....o#
#.....#
#.....#
##.#### #.


You could see 2 orc priests and 3 orcs.

Vanquished Creatures
  An adder (D:2)
  A dart slug (D:1)
  2 giant geckos
  3 orcs (D:2)
  A giant cockroach (D:2)
  5 goblins
  5 hobgoblins (D:2)
  3 kobolds (D:1)
  A bat (D:2)
  2 giant newts (D:1)
  2 rats
26 creatures vanquished.

Notes
Turn   | Place    | Note
--------------------------------------------------------------
     0 | D:1      | Ijustatesigmund the Hill Orc Fighter began the quest for the Orb.
     0 | D:1      | Reached XP level 1. HP: 19/19 MP: 1/1
   308 | D:2      | Reached XP level 2. HP: 26/27 MP: 2/2
   355 | D:1      | Reached skill level 4 in Fighting
   620 | D:2      | Found a white marble altar of Elyvilon.
   682 | D:2      | Reached XP level 3. HP: 34/34 MP: 3/3
   705 | D:2      | Found a deep blue altar of Sif Muna.
   711 | D:2      | Found a stormy altar of Qazlal.
   878 | D:2      | Gained mutation: You are somewhat resistant to further mutation. [potion of beneficial mutation]
  1099 | D:3      | Slain by an orc priest

Vault maps used:
D:1:      lemuel_arrival_hallway
D:2:      minitemple, lemuel_round_altar, guppyfry_early_orc_mine
D:3:      grunt_dithmenos_smoke_and_mirrors

Skill      XL: |  1  2 |
---------------+-------+-----
Axes           | 3 |  3.6
Fighting       | 4 |  4.8
Armour         | |  3.2
Shields        | |  3.2

Action                   || total
-------------------------++-------
Melee: War axe           ||    57
       Hand axe          ||    14
  Use: Scroll            ||     3
       Potion            ||     1
Armor: Scale mail        ||    26
Dodge: Dodged            ||    13
Block: Shield            ||    33
